 Dungeon Crawl Stone Soup version 0.21-a0-51-gea492e9 (webtiles) character file.

137 4thArraOfDagon the Magician (level 5, -13/35 HPs)
             Began as a Mummy Venom Mage on June 12, 2017.
             Was an Initiate of Gozag.
             Mangled by an ogre
             ... wielding a +0 giant spiked club
              (14 damage)
             ... on level 4 of the Dungeon.
             The game lasted 00:06:19 (1732 turns).

4thArraOfDagon the Magician (Mummy Venom Mage)      Turns: 1732, Time: 00:06:20

Health: -13/35     AC:  2    Str: 12    XL:     5   Next: 0%
Magic:  1/10       EV: 12    Int: 15    God:    Gozag
Gold:   33         SH:  0    Dex: 12    Spells: 7/11 levels left

rFire    x . .     SeeInvis .   g - +2 short sword (venom)
rCold    + . .     Gourm    .   (no shield)
rNeg     + + +     Faith    .   a - +0 robe
rPois    ∞         Spirit   .   (no helmet)
rElec    .         Reflect  .   (no cloak)
rCorr    .         Harm     .   (no gloves)
MR       .....                  (no boots)
Stlth    +.........             (no amulet)
Regen    0.2/turn               (no ring)
MPRegen  0.2/turn               (no ring)

@: very slightly contaminated, very slow
A: no food or potions, fire vulnerability, cold resistance 1, negative energy
resistance 3, torment resistance, unbreathing
a: Potion Petition, Call Merchant, Bribe Branch, Renounce Religion


You were on level 4 of the Dungeon.
You worshipped Gozag.
Gozag was noncommittal.
You were not hungry.

You visited 2 branches of the dungeon, and saw 6 of its levels.

You collected 97 gold pieces.
You paid 64 gold pieces to Gozag.

Inventory:

Hand Weapons
 e - a +0 short sword of freezing
 g - a +2 short sword of venom (weapon)
Armour
 a - a +0 robe (worn)
 d - a +0 ring mail
Wands
 h - a wand of polymorph (7/24)
 j - a wand of lightning (8/15)
Scrolls
 c - 2 scrolls of blinking {unknown}
 f - a scroll of magic mapping {unknown}
 i - 2 scrolls of amnesia {unknown}
 k - 2 scrolls of remove curse {unknown}
Books
 b - a Young Poisoner's Handbook

   Spells                             Type                      Level
   a - Sting                          Conjuration/Poison           1
   b - Poisonous Vapours              Poison/Air                   2
   c - Mephitic Cloud                 Conjuration/Poison/Air       3
   d - Olgreb's Toxic Radiance        Poison                       4
   e - Venom Bolt                     Conjuration/Poison           5


   Skills:
 - Level 1.5 Dodging
 - Level 1.5 Stealth
 + Level 3.8 Spellcasting
 - Level 2.4 Conjurations
 - Level 2.2 Air Magic
 - Level 2.4 Poison Magic


You had 7 spell levels left.
You knew the following spells:

 Your Spells              Type           Power        Failure   Level  Hunger
a - Sting                 Conj/Pois      ##..         7%          1    N/A
b - Mephitic Cloud        Conj/Pois/Air  #.......     21%         3    N/A

Dungeon Overview and Level Annotations

Branches:
Dungeon (5/15)             Temple (1/1) D:4

Altars:
Ashenzari
Cheibriados
Dithmenos
Elyvilon
Gozag
Hepliaklqana
Kikubaaqudgha
Makhleb
Okawaru
Qazlal
Ru
Sif Muna
Vehumet
Wu Jian
Xom
Zin
The Shining One


Innate Abilities, Weirdness & Mutations

You do not eat or drink.
Your flesh is vulnerable to fire.
You are immune to poison.
Your flesh is cold resistant. (rC+)
You are immune to negative energy. (rN+++)
You are immune to unholy pain and torment.
You can survive without breathing.


Message History

Casting: Sting
Confirm with . or Enter, or press ? or * to list all spells.
You don't have enough magic to cast that spell.
Unknown command.
The ogre seems less confused.
You hit the ogre.
The ogre looks as sick as possible!
The ogre is severely wounded.
The ogre hits you with a giant spiked club!!
Ouch! That really hurt!
* * * LOW HITPOINT WARNING * * *
Unknown command.
You enter the shallow water.
Moving in this stuff is going to be slow.
Things that are here:
a hand axe of venom; a scale mail Unknown command.
Unknown command.
The ogre hits you with a giant spiked club!
You die...
Your body crumbles into a pile of gold.

## ..... .........#
#......... # #♣...♣#
.........### #.).......
# .....
...........###.........
. ##_##
#.......≈≈§$$.........h.
. ###
#.####.≈≈§≈≈............
##
......§≈§§≈§§......#####
. ......≈§§>≈§≈......#
.....#≈≈O§§§§......#
.......@§§§≈.......#
........§§§..###...#
.....###..#### ...#
..... #.... ...# ....
#..... .>. ......# .
......# ######


You could see an ogre.

Vanquished Creatures
  A hound (Temple)
  An orc priest (D:4)
  Terence (D:3)
  An adder (D:2)
  A worm (D:2)
  2 leopard geckos (D:1)
  5 orcs
  2 bats
  4 giant cockroaches
  A goblin (D:1)
  4 kobolds
  3 quokkas
  A frilled lizard (D:3)
  8 rats
35 creatures vanquished.

Notes
Turn   | Place    | Note
-------+----------+-------------------------------------------
     0 | D:1      | 4thArraOfDagon the Mummy Venom Mage began the quest for the Orb.
     0 | D:1      | Reached XP level 1. HP: 13/13 MP: 4/4
    18 | D:1      | Reached skill level 1 in Conjurations
   212 | D:1      | Reached XP level 2. HP: 9/19 MP: 0/5
   745 | D:3      | Reached XP level 3. HP: 24/24 MP: 4/7
   750 | D:3      | Learned a level 3 spell: Mephitic Cloud
   786 | D:3      | Noticed Terence
   797 | D:3      | Killed Terence
   797 | D:3      | Reached skill level 1 in Air Magic
   849 | D:2      | Found a stormy altar of Qazlal.
   852 | D:2      | Found a radiant altar of Vehumet.
   855 | D:2      | Found a shattered altar of Ashenzari.
   858 | D:2      | Found a shadowy altar of Dithmenos.
   967 | D:5      | Entered Level 5 of the Dungeon
  1174 | D:4      | Found a glowing golden altar of the Shining One.
  1336 | D:3      | Reached XP level 4. HP: 26/30 MP: 4/8
  1378 | D:4      | Found a staircase to the Ecumenical Temple.
  1387 | Temple   | Entered the Ecumenical Temple
  1418 | Temple   | Became a worshipper of Gozag Ym Sagoz the Greedy
  1476 | Temple   | Reached skill level 3 in Spellcasting
  1712 | D:4      | Reached XP level 5. HP: 28/35 MP: 5/10
  1719 | D:4      | Noticed an ogre
  1730 | D:4      | HP: 1/35 [ogre/giant spiked club (29)]
  1732 | D:4      | Mangled by an ogre

Vault maps used:
D:1:      onia_arrival_larder, serial_bayou_pond_e
D:2:      lemuel_crystal_altar, marbit_many_paths,
          grunt_temple_overflow_cloverleaf, moated_statue, uniq_natasha
D:3:      uniq_terence
D:4:      minmay_temple_entry_mist, tso_altar
D:5:      lemuel_round_altar, first_bread
Temple:   cyrus_circular_temple

Skill      XL: |  1  2  3  4 |
---------------+-------------+-----
Conjurations   | 1 2 |  2.4
Air Magic      | 1 2 |  2.2
Spellcasting   | 3 |  3.8
Dodging        | |  1.5
Stealth        | |  1.5
Poison Magic   | |  2.4

Action                   |  1- 3 |  4- 6 || total
-------------------------+-------+-------++-------
Melee: Unarmed           |    28 |       ||    28
       Short sword       |    35 |    19 ||    54
 Cast: Sting             |    41 |    12 ||    53
       Mephitic Cloud    |     1 |     3 ||     4
 Stab: Sleeping          |     2 |       ||     2
       Confused          |     1 |       ||     1
Armor: Robe              |    11 |       ||    11
Dodge: Dodged            |    62 |    11 ||    73
